 Dungeon Crawl Stone Soup version 0.17-a0-1939-ga475588 (webtiles) character file.

592395 derrpe the Fencer (level 26, -1/255 HPs)
             Began as a Centaur Fighter on Sept 29, 2015.
             Was the Champion of Okawaru.
             Slain by a deep troll (14 damage)
             ... on level 4 of the Depths.
             The game lasted 04:43:49 (76111 turns).

derrpe the Fencer (Centaur Fighter)                Turns: 76111, Time: 04:43:49

Health: -1/255     AC: 31    Str: 27    XL:     26   Next: 25%
Magic:  25/29      EV: 19    Int: 21    God:    Okawaru [******]
Gold:   6572       SH:  0    Dex: 25    Spells: 9 memorised, 9 levels left

rFire  + + .     SeeInvis +     i - +14 plutonium sword {*Contam Stlth-}
rCold  + . .     Clarity  +     h - +6 scale mail "Elemuif" {+Blink Int+4 Stlth+}
rNeg   . . .     SustAt   +     (no shield)
rPois  +         Gourm    .     v - +3 hat of Hysteria {rElec MR+}
rElec  +         Spirit   .     K - -3 cloak of the Forgotten Beggars {rElec rPois rC+ Slay+2}
rCorr  .         Warding  .     B - +0 pair of gloves of the Original Sin {Str+7 Int+3}
rMut   .         Stasis   .     F - +4 centaur barding {rF+}
MR     ++...                    T - amulet of clarity
Stlth  ..........               Y - ring of sustain attributes
                                V - ring "Iguczy" {rElec rF+ Int+2 Dex+3 SInv}

@: mighty, singing, very quick, very resistant to hostile enchantments,
extremely unstealthy
A: hooves 3, repulsion field 1, molten scales 1, thin metallic scales 1, agile
2, clever 1, deformed body, deterioration 2, speed 2, regeneration 2, robust 1,
tough skin 3, weak 2, wild magic 1, evolution 1, MP-powered wands
a: Heroism, Finesse, Renounce Religion, Stop Singing, Evoke Blink
}: 3/15 runes: decaying, silver, gossamer


You were on level 4 of the Depths.
You worshipped Okawaru.
Okawaru was exalted by your worship.
You were full.

You visited 9 branches of the dungeon, and saw 48 of its levels.
You visited the Abyss 3 times.
You visited 1 bazaar.
You also visited: Ossuary.

You collected 10348 gold pieces.
You spent 3776 gold pieces at shops.

Inventory:

Hand weapons
 i - the +14 plutonium sword (weapon) {*Contam Stlth-}
   (You found it on level 2 of the Depths)

   It causes magical contamination when unequipped.
   It makes you less stealthy.
 l - a +3 double sword of slicing
 p - the +10 longbow "Urphug" {venom, MP+9}
   (Okawaru gifted it to you on level 2 of the Depths)

   It poisons the ammo it fires.
   It affects your magic capacity (+9).
 E - a +9 longbow of evasion
Missiles
 a - 847 arrows
 D - 76 arrows of dispersal
Armour
 c - a +0 shield of reflection
 h - the +6 scale mail "Elemuif" (worn) {+Blink Int+4 Stlth+}
   (You found it on level 5 of the Vaults)

   It affects your intelligence (+4).
   It lets you blink.
   It makes you more stealthy.
 q - a +0 gold dragon armour
 v - the +3 hat of Hysteria (worn) {rElec MR+}
   (Okawaru gifted it to you on level 4 of the Swamp)

   It insulates you from electricity.
   It affects your resistance to hostile enchantments.
 B - the +0 pair of gloves of the Original Sin (worn) {Str+7 Int+3}
   (You found it on level 8 of the Dungeon)

   It affects your strength (+7).
   It affects your intelligence (+3).
 F - a +4 centaur barding of fire resistance (worn)
 K - the -3 cloak of the Forgotten Beggars (worn) {rElec rPois rC+ Slay+2}
   (You acquired it on level 4 of the Lair of Beasts)

   It affects your accuracy and damage with ranged weapons and melee attacks
   (+2).
   It protects you from cold.
   It insulates you from electricity.
   It protects you from poison.
Jewellery
 b - the ring of Anifruh {rElec MR++ Int+4 SInv}
   (You took it off a deep elf annihilator on level 3 of the Elven Halls)

   [ring of intelligence]

   It affects your intelligence (+4).
   It insulates you from electricity.
   It affects your resistance to hostile enchantments.
   It lets you see invisible.
 t - the ring "Udeeno" {Fire Dex+3 Slay+3 SInv}
   (You took it off a deep elf death mage on level 3 of the Elven Halls)

   [ring of fire]

   It enhances your fire magic, and weakens your ice magic.
   It affects your dexterity (+3).
   It affects your accuracy and damage with ranged weapons and melee attacks
   (+3).
   It protects you from fire.
   It makes you vulnerable to cold.
   It lets you see invisible.
 T - an amulet of clarity (around neck)
 V - the ring "Iguczy" (left hand) {rElec rF+ Int+2 Dex+3 SInv}
   (You found it on level 1 of the Vaults)

   [ring of intelligence]

   It affects your intelligence (+2).
   It affects your dexterity (+3).
   It protects you from fire.
   It insulates you from electricity.
   It lets you see invisible.
 Y - a ring of sustain attributes (right hand)
Magical devices
 Z - a wand of digging (8)
Scrolls
 f - 16 scrolls of remove curse
 j - 17 scrolls of identify
 m - a scroll of silence
 n - 23 scrolls of teleportation
 u - 4 scrolls of amnesia
 x - a scroll of blinking
 y - 3 scrolls of fog
 z - 3 scrolls of fear
 H - 3 scrolls of enchant armour
 M - 2 scrolls of recharging
 N - 4 scrolls of summoning
Potions
 d - a potion of might
 g - 3 potions of resistance
 k - 34 potions of curing
 s - 5 potions of flight
 A - 3 potions of magic
 L - a potion of haste
 O - a potion of invisibility
 U - 8 potions of brilliance
Comestibles
 e - 26 bread rations {@e1}
 o - 6 chunks of flesh {@w0}
 r - 17 meat rations {@e2}
 w - 23 fruits


   Skills:
 - Level 18.1 Fighting
 - Level 20.2 Long Blades
 - Level 14.8 Bows
 - Level 11.6 Armour
 - Level 11.6 Dodging
 - Level 9.3 Shields
 - Level 3.0 Spellcasting
 + Level 17.2 Charms
 - Level 4.6 Summonings
 - Level 5.2 Necromancy
 - Level 9.0 Translocations
 + Level 14.3 Air Magic
 - Level 8.0 Invocations


You had 9 spell levels left.
You knew the following spells:

 Your Spells              Type           Power        Failure   Level  Hunger
a - Apportation           Tloc           ######....   3%          1    None
b - Blink                 Tloc           N/A          3%          2    ##.....
c - Portal Projectile     Tloc           ######       5%          3    ###....
d - Summon Butterflies    Summ           ####....     11%         1    None
e - Shroud of Golubria    Chrm/Tloc      ######....   1%          2    ##.....
f - Song of Slaying       Chrm           #######.     1%          2    ##.....
g - Repel Missiles        Chrm/Air       ######       1%          2    ##.....
h - Deflect Missiles      Chrm/Air       #######...   16%         6    #######
r - Regeneration          Chrm/Necr      ######....   3%          3    ###....


Dungeon Overview and Level Annotations

Branches:
Dungeon (15/15)            Temple (1/1) D:4            Lair (8/8) D:10
  Swamp (4/4) Lair:4       Spider (4/4) Lair:5        Slime (0/6) Lair:6
    Orc (4/4) D:10            Elf (3/3) Orc:3        Vaults (5/5) D:14
  Crypt (0/3) Vaults:2     Depths (4/5) D:15

Altars:
Ashenzari
Cheibriados
Dithmenos
Elyvilon
Fedhas
Gozag
Kikubaaqudgha
Makhleb
Nemelex Xobeh
Okawaru
Qazlal
Ru
Sif Muna
Trog
Vehumet
Xom
Yredelemnul
Zin
The Shining One
Beogh

Shops:
D:4 :   D:5 *   D:14 :   Orc:4 *[!=   Elf:1 [   Elf:2 *   Vaults:1 [
Vaults:5 (

Portals:
Hell: Depths:1 Depths:2 Depths:3
Abyss: Depths:2 Depths:4
Pandemonium: Depths:3
Ziggurat: Depths:3
Trove: D:11 (give wand of heal wounds (9))

Annotations:
D:10 exclusion: orange crystal statue
Lair:4 exclusion: 4 oklob plants
Vaults:3 exclusion: 2 doors, Goblin1989's ghost, mighty GrFi


Innate Abilities, Weirdness & Mutations

You have hooves in place of feet.
Armour fits poorly on your strangely shaped body.
You cover ground very quickly.
You have extremely tough skin (AC +3).
You are surrounded by a mild repulsion field (EV +2).
You are partially covered in molten scales (AC +1).
You are partially covered in thin metallic scales (AC +2).
You are very agile. (Dex +4)
Your mind is acute. (Int +2)
Your body often deteriorates upon taking damage.
You heal very quickly.
You are robust (+10% HP).
You are very weak. (Str -4)
Your spells are a little harder to cast, but a little more powerful.
You evolve.
You expend magic power (3 MP) to strengthen your wands.


Message History

* * * LOW HITPOINT WARNING * * *
The deep troll earth mage misses you.
The deep troll earth mage closely misses you. x2
The deep troll earth mage claws you but does no damage.
The spriggan rider barely misses you. The deep troll bites you.
* * * LOW HITPOINT WARNING * * *
The deep troll barely misses you.
The deep troll claws you but does no damage.
You cut the deep troll earth mage into ribbons!!!
You kill the deep troll earth mage!
Okawaru accepts your kill. The ice dragon barely misses you.
The ice dragon completely misses you.
The ice dragon tramples you but does no damage.
The deep troll earth mage bites you.
* * * LOW HITPOINT WARNING * * *
The deep troll earth mage claws you.
* * * LOW HITPOINT WARNING * * *
The deep troll earth mage completely misses you.
The deep troll barely misses you. The deep troll claws you!
You die...

.# #......P#♣.P...P....♣ .#
##......#♣..........♣
.############P..P.P#♣.)........♣
...........##..#)..#♣♣♣♣.....P.♣
..###.########.##..#####♣......♣
..# #.# #..#....PP#♣..≈≈..♣ ..#
#.# #......PP#♣..≈≈..♣ ..# #.#
#†.D....P#♣.....†♣ ..# #.#
##@T..P..#♣.....P♣#
+####+####..'.i.†T.....#♣♣♣♣...P#
..#.............###....#####♣..♣#
..#............. ..#.....PP#♣%.♣
.(#...............)#..(..PP#♣%.♣
..#................#...)..P#♣..♣
..#.....................P.P#♣..♣
..+....<...................##.)#
..#.................#....#..####


You could see an ice dragon, a spriggan rider, a deep troll and a deep troll
earth mage.

Vanquished Creatures
  2 ancient liches
  Mara (Depths:1)
  A greater mummy (Depths:3)
  Norris (Depths:1)
  Saint Roka (Orc:4)
  A caustic shrike (Depths:4)
  2 golden dragons
  8 bone dragons
  Jory (Vaults:3)
  A profane servitor (Abyss:1)
  Arachne (Spider:3)
  Rupert (Orc:1)
  6 liches
  2 tentacled monstrosities
  5 titans
  3 deep elf blademasters
  A deep elf master archer (Elf:3)
  3 quicksilver dragons (Vaults:5)
  An acid blob (Depths:3)
  6 tentacled starspawn
  4 sphinxes
  2 octopode crushers (Depths:3)
  8 tengu reavers
  4 thorn hunters
  A shadow dragon (Vaults:4)
  3 storm dragons
  Donald (Swamp:2)
  An orc warlord (Orc:4)
  Maud (Lair:4)
  9 frost giants
  7 deep elf sorcerers
  5 fire giants
  2 iron dragons (Vaults:5)
  20 vault wardens
  A curse skull (Vaults:2)
  2 ghost moths (Spider:4)
  A balrug (Abyss:4)
  3 emperor scorpions (Spider:4)
  16 ironheart preservers
  A cacodemon (Abyss:1)
  3 war gargoyles
  16 stone giants
  23 very ugly things
  17 deep elf demonologists
  2 vampire knights (Depths:2)
  A lorocyproca (Abyss:1)
  2 salamander stormcallers
  Azrael (Elf:1)
  A purple draconian (Abyss:1)
  A dire elephant (D:15)
  10 deep elf annihilators
  The ghost of graki42 the Destroyer, a powerful DsCj of Vehumet (Lair:5)
  32 large abominations
  A green death (Abyss:1)
  4 eidola
  The ghost of mcbry74 the Fighter, a powerful TrHu of the Shining One (D:11)
  4 fire dragons
  6 ettins
  7 deep elf death magi
  The ghost of derrpe the Grappler, a powerful TrCK of Xom (Lair:1)
  4 deep elf high priests
  9 rakshasas
  10 ogre magi
  15 yaktaur captains
  30 vault guards
  11 entropy weavers
  5 ice dragons
  Harold (Lair:3)
  26 hydras
  7 great orbs of eyes
  A quicksilver dragon skeleton (Abyss:1)
  A ghost crab (Swamp:1)
  7 centaur warriors
  A hell beast (Depths:4)
  2 spriggan air magi (Depths:2)
  Erica (Lair:1)
  2 deep troll shamans (Depths:1)
  17 dancing weapons
  6 alligators
  4 catoblepae
  6 thrashing horrors (Abyss:1)
  A queen ant (shapeshifter) (Vaults:3)
  3 tengu warriors
  5 deep troll earth magi
  A vampire mage (Vaults:2)
  6 orc high priests (Orc:4)
  2 titan zombies (Depths:3)
  Urug (Lair:3)
  3 spriggan berserkers
  23 death yaks
  Sonja (Orc:2)
  Nergalle (Lair:2)
  A hell hog (Abyss:1)
  2 storm dragon zombies
  A fire crab (Lair:7)
  20 deep elf knights
  3 wretched stars
  2 titan skeletons
  8 skeletal warriors
  A golden dragon zombie (Depths:3)
  4 flayed ghosts
  9 shadow wraiths
  20 deep trolls
  6 swamp dragons (Swamp:4)
  An ice devil (Abyss:1)
  13 deep elf summoners
  2 unseen horrors
  26 ironbrand convokers
  4 spriggan druids
  12 orc knights
  41 starcursed masses
  2 golden dragon skeletons
  3 shambling mangroves
  A lindwurm (shapeshifter) (Vaults:4)
  3 mana vipers (Depths:2)
  3 tengu zombies
  A shadow dragon zombie (Depths:3)
  8 giant orange brains
  4 griffons
  A harpy (shapeshifter) (Elf:1)
  8 orc sorcerers
  31 wolf spiders
  8 necromancers
  14 deep elf conjurers
  A hornet (shapeshifter) (Elf:3)
  A mana viper (shapeshifter) (Vaults:2)
  A shadow dragon skeleton (Abyss:1)
  9 hill giants
  4 phantasmal warriors
  2 wizards
  2 fire giant zombies (Depths:3)
  6 worldbinders (Abyss:1)
  An iron dragon zombie (Depths:3)
  2 sixfirhies (Abyss:1)
  9 harpies
  12 orb spiders
  A sphinx skeleton (Depths:2)
  4 moths of wrath
  3 octopodes (shapeshifter)
  6 cyclopes
  39 ugly things
  A shining eye (shapeshifter) (Vaults:5)
  10 hornets
  2 guardian serpents (shapeshifter) (Vaults:5)
  A spriggan zombie (Depths:3)
  A frost giant skeleton (Depths:2)
  A stone giant skeleton (Depths:2)
  26 elephants
  A shock serpent zombie (Abyss:1)
  2 manticores
  A water nymph (Depths:4)
  8 vault sentinels
  An eye of devastation (Abyss:1)
  3 torpor snails
  2 gargoyles
  12 komodo dragons
  6 smoke demons
  2 orange crystal statues (Depths:2)
  An apocalypse crab (Abyss:1)
  5 kobold demonologists
  27 spiny frogs
  A yaktaur (shapeshifter) (Vaults:1)
  2 orange demons
  3 black mambas
  A yaktaur zombie (Vaults:2)
  48 yaktaurs
  5 tengu conjurers
  5 demonic crawlers
  2 freezing wraiths
  2 spectral merfolk (Depths:2)
  3 ancient zymes (Abyss:1)
  5 guardian mummies
  3 trolls (shapeshifter)
  22 deep elf priests
  2 efreet
  3 fire drakes
  A shadow dragon simulacrum (Vaults:5)
  A hellwing (Abyss:1)
  5 trolls
  The ghost of derrpe the Vexing, an experienced VSEn of Makhleb (D:5)
  7 giant leeches
  19 jumping spiders
  3 polar bears
  13 raiju
  Prince Ribbit (D:6)
  A hydra skeleton (Abyss:1)
  45 slime creatures
  A fire giant simulacrum (Vaults:1)
  A stone giant simulacrum (Vaults:3)
  5 boulder beetles
  15 two-headed ogres
  2 two-headed ogres (shapeshifter)
  10 blink frogs
  An iron dragon simulacrum (Depths:4)
  2 ynoxinuls
  10 bog bodies
  A frost giant simulacrum (Depths:2)
  25 small abominations
  4 spriggans
  23 trapdoor spiders
  2 tarantellas (shapeshifter)
  16 humans (D:14)
  8 shadows
  5 water elementals (Depths:2)
  4 wyverns
  53 yaks
  24 tarantellas
  A redback (shapeshifter) (Vaults:5)
  A spriggan (shapeshifter) (D:14)
  10 wraiths
  A trapdoor spider (shapeshifter) (Vaults:2)
  3 ettin skeletons
  3 fire elementals (Elf:1)
  2 air elementals (Depths:2)
  20 wolves
  36 redbacks
  3 basilisks
  5 chaos spawn (Abyss:1)
  29 deep elf magi
  A steam dragon (D:9)
  35 deep elf fighters
  A hog (shapeshifter) (Elf:1)
  5 hippogriffs
  25 vampire mosquitoes
  3 hungry ghosts
  2 mottled dragons
  8 neqoxecs
  29 swamp worms
  21 wargs
  11 hell hounds
  52 orc warriors
  2 hydra simulacra (Depths:2)
  Duvessa (D:5)
  11 swamp drakes
  A water moccasin (shapeshifter) (Vaults:5)
  2 spectral trolls (Depths:2)
  23 water moccasins
  46 ogres
  2 spectral spriggans (Depths:2)
  23 spiders
  A trapdoor spider simulacrum (D:9)
  12 wasps
  7 ice beasts
  A black bear (D:7)
  A black bear (shapeshifter) (Vaults:1)
  A snapping turtle zombie (Depths:2)
  2 eyes of draining
  9 porcupines
  A phantom (D:7)
  10 centaurs
  9 sky beasts
  A crocodile (shapeshifter) (Elf:3)
  3 human zombies
  A human skeleton (Vaults:2)
  8 big kobolds
  14 crocodiles
  A brain worm (shapeshifter) (Vaults:5)
  A brain worm (D:15)
  25 giant frogs
  2 wyvern zombies
  A wyvern skeleton (D:14)
  A glowing shapeshifter simulacrum (Vaults:2)
  8 scorpions
  Dowan (D:5)
  10 killer bees
  A human simulacrum (Vaults:3)
  A spectral naga (Depths:2)
  6 spectral ogres (Depths:2)
  5 spectral centaurs (Depths:2)
  4 spriggan skeletons
  3 wights (D:8)
  8 crimson imps
  2 electric eels
  A wyvern simulacrum (D:9)
  4 giant frog zombies
  5 hounds
  3 centaur zombies
  8 centaur skeletons
  Crazy Yiuf (D:3)
  Ijyb (D:2)
  8 jellies
  34 orc priests
  8 quasits
  2 giant frog skeletons
  4 iron imps (Abyss:1)
  Jessica (D:2)
  38 orc wizards
  Natasha (twice) (D:3)
  3 polar bear simulacra (Lair:8)
  3 spriggan simulacra (Depths:2)
  2 yak simulacra (Lair:8)
  5 worker ants
  9 iguanas
  10 big kobold zombies (Ossuary)
  A troll simulacrum (Depths:2)
  17 sheep
  3 wolf simulacra (Lair:8)
  6 mummies
  A worker ant zombie (D:5)
  7 gnolls
  A gnoll (shapeshifter) (Vaults:5)
  13 adders
  76 river rats
  4 shadow imps
  8 white imps
  A giant eyeball (Depths:2)
  A worker ant simulacrum (D:9)
  2 oozes
  4 ufetubi
  9 worms
  3 adder skeletons
  2 adder zombies
  5 giant geckos
  331 orcs
  5 spectral bats (Ossuary)
  11 goblins
  6 hobgoblins
  12 jackals
  44 kobolds
  5 quokkas
  8 bats
  4 bat simulacra (Ossuary)
  9 giant cockroaches
  A giant gecko skeleton (D:5)
  5 giant newts
  2 gnoll zombies (Ossuary)
  5 goblin simulacra (Ossuary)
  8 goblin zombies
  A hobgoblin zombie (Ossuary)
  A kobold simulacrum (Ossuary)
  7 kobold zombies (Ossuary)
  3 orc zombies (Ossuary)
  7 rats
  A rat zombie (D:4)
  3 river rat simulacra (Lair:8)
  4 spectral kobolds (Ossuary)
  2 spectral rats (Ossuary)
  6 crawling corpses
  A fire vortex (Vaults:3)
  A fungus (Lair:7)
  2 plants
  9 starspawn tentacles
2781 creatures vanquished.

Vanquished Creatures (collateral kills)
  the Lernaean hydra (Swamp:4)
  An Executioner (Abyss:4)
  A vault guard (Vaults:5)
  A swamp drake (Swamp:4)
4 creatures vanquished.

Vanquished Creatures (others)
  A deep elf master archer (Elf:2)
  A tengu reaver (Vaults:4)
  2 fire giants
  3 ironheart preservers
  A deep elf high priest (Vaults:5)
  A yaktaur captain (Vaults:1)
  A deep elf conjurer (Elf:2)
  A manticore (D:15)
  3 yaktaurs
  A shadow (Depths:2)
  A trapdoor spider (Spider:4)
  A deep elf fighter (Elf:1)
  A warg (Depths:2)
  An orc warrior (Vaults:2)
  A hornet simulacrum (D:15)
  An ogre (Vaults:4)
  2 centaurs
  4 briar patches (Swamp:4)
  A bush (Depths:4)
  A crawling corpse (Vaults:5)
  18 fungi
  2 lurking horrors (Abyss:1)
  52 plants
  14 starspawn tentacles (Abyss:1)
  46 starspawn tentacle segments
161 creatures vanquished.

Grand Total: 2946 creatures vanquished

Notes
Turn   | Place    | Note
--------------------------------------------------------------
     0 | D:1      | derrpe the Centaur Fighter began the quest for the Orb.
     0 | D:1      | Reached XP level 1. HP: 19/19 MP: 1/1
   310 | D:1      | Reached XP level 2. HP: 26/26 MP: 2/2
  1119 | D:2      | Reached XP level 3. HP: 16/31 MP: 3/3
  1627 | D:2      | Noticed Ijyb
  1658 | D:2      | Killed Ijyb
  1658 | D:2      | Reached XP level 4. HP: 35/38 MP: 4/4
  1869 | D:2      | Noticed Jessica
  1874 | D:2      | Killed Jessica
  1874 | D:2      | Reached skill level 4 in Long Blades
  2247 | D:2      | Reached XP level 5. HP: 42/45 MP: 5/5
  2416 | D:2      | Found a radiant altar of Vehumet.
  2799 | D:3      | Found a glowing golden altar of the Shining One.
  2829 | D:3      | Noticed Natasha
  2839 | D:3      | Killed Natasha
  3066 | D:3      | Reached skill level 5 in Long Blades
  3228 | D:3      | Noticed Natasha
  3233 | D:3      | Killed Natasha
  3269 | D:3      | Noticed Crazy Yiuf
  3275 | D:3      | Killed Crazy Yiuf
  3275 | D:3      | Reached XP level 6. HP: 36/51 MP: 6/6
  3379 | D:4      | Found a sand-covered staircase.
  3386 | Ossuary  | Entered an ossuary
  3796 | Ossuary  | Reached skill level 6 in Long Blades
  4059 | D:4      | Found an opulent altar of Gozag.
  4326 | D:4      | Reached XP level 7. HP: 49/57 MP: 7/7
  4408 | D:4      | Noticed a water moccasin
  4423 | D:4      | Killed a water moccasin
  4425 | D:4      | Found a staircase to the Ecumenical Temple.
  4433 | Temple   | Entered the Ecumenical Temple
  4650 | Temple   | Became a worshipper of Warmaster Okawaru
  4745 | D:4      | Learned a level 1 spell: Apportation
  4748 | D:4      | Learned a level 2 spell: Blink
  4752 | D:4      | Learned a level 3 spell: Portal Projectile
  4797 | D:4      | Found Hytif's Book Shop.
  4944 | D:4      | Reached skill level 7 in Long Blades
  4954 | D:4      | Found a shattered altar of Ashenzari.
  5226 | D:5      | Entered Level 5 of the Dungeon
  5254 | D:5      | Noticed Duvessa
  5254 | D:5      | Noticed Dowan
  5269 | D:5      | Killed Dowan
  5269 | D:5      | Acquired Okawaru's first power
  5269 | D:5      | Reached XP level 8. HP: 63/63 MP: 8/8
  5271 | D:5      | Killed Duvessa
  5654 | D:5      | Reached skill level 8 in Long Blades
  5701 | D:5      | Found a white marble altar of Elyvilon.
  5881 | D:5      | Found a blossoming altar of Fedhas.
  6005 | D:5      | Noticed derrpe's ghost (experienced VSEn)
  6195 | D:6      | Reached skill level 5 in Shields
  6205 | D:6      | Reached skill level 1 in Invocations
  6482 | D:6      | Noticed Prince Ribbit
  6510 | D:6      | Killed Prince Ribbit
  6755 | D:6      | Reached XP level 9. HP: 69/69 MP: 12/12
  7561 | D:7      | Reached skill level 5 in Invocations
  7580 | D:7      | Gained mutation: You tend to lose your temper in combat. [mutagenic meat]
  7581 | D:7      | Gained mutation: Your spells are a little easier to cast, but a little less powerful. [mutagenic meat]
  7582 | D:7      | Gained mutation: You are dopey. (Int -2) [mutagenic meat]
  7583 | D:7      | Gained mutation: You are weak. (Str -2) [mutagenic meat]
  7915 | D:7      | Noticed an orc knight
  7938 | D:7      | Killed an orc knight
  7938 | D:7      | Reached XP level 10. HP: 77/77 MP: 14/16
  8078 | D:7      | Reached skill level 9 in Long Blades
  8213 | D:7      | Noticed an orc knight
  8329 | D:7      | Killed an orc knight
  9520 | D:7      | Reached skill level 1 in Dodging
  9949 | D:7      | Found an opulent altar of Gozag.
  9951 | D:7      | Found a deep blue altar of Sif Muna.
  9953 | D:7      | Found an ancient bone altar of Kikubaaqudgha.
 10032 | D:7      | Found a sacrificial altar of Ru.
 10208 | D:8      | Found a stormy altar of Qazlal.
 10287 | D:8      | Got a pair of crude gloves
 10313 | D:8      | Identified the cursed +0 pair of gloves of the Original Sin {Str+7 Int+3} (You found it on level 8 of the Dungeon)
 10382 | D:8      | Reached skill level 5 in Fighting
 10458 | D:8      | Found a sparkling altar of Nemelex Xobeh.
 10538 | D:8      | Learned a level 1 spell: Summon Butterflies
 10541 | D:8      | Learned a level 2 spell: Shroud of Golubria
 10591 | D:8      | Acquired Okawaru's second power
 10593 | D:8      | Reached skill level 10 in Long Blades
 10769 | D:8      | Gained mutation: You are partially covered in molten scales (AC +1). [potion of mutation]
 10769 | D:8      | Gained mutation: You evolve. [potion of mutation]
 10819 | D:8      | Found a blossoming altar of Fedhas.
 11138 | D:9      | Reached XP level 11. HP: 46/88 MP: 17/17
 11885 | D:9      | Found a snail-covered altar of Cheibriados.
 12174 | D:10     | Entered Level 10 of the Dungeon
 12236 | D:10     | Found a staircase to the Orcish Mines.
 12238 | D:10     | Noticed a hill giant
 12362 | D:5      | Killed derrpe's ghost
 12399 | D:5      | Found Geasmaa's Assorted Antiques.
 12408 | D:5      | Bought 3 scrolls of identify for 198 gold pieces
 12408 | D:5      | Bought a potion of curing for 99 gold pieces
 12408 | D:5      | Bought a scroll labeled GUANEI WONIV for 33 gold pieces
 13150 | D:10     | Killed a hill giant
 13160 | D:10     | Found a staircase to the Lair.
 13277 | D:10     | Noticed a hill giant
 13353 | D:10     | Killed a hill giant
 13564 | D:10     | Reached skill level 11 in Long Blades
 13580 | D:10     | Received a gift from Okawaru
 13983 | D:10     | Noticed a centaur warrior
 13999 | D:10     | Killed a centaur warrior
 14035 | D:10     | Lost mutation: You are dopey. (Int -2) [mutagenic meat]
 14036 | D:10     | Gained mutation: Your mind is acute. (Int +2) [mutagenic meat]
 14037 | D:10     | Gained mutation: You are robust (+10% HP). [mutagenic meat]
 14038 | D:10     | Lost mutation: Your spells are a little easier to cast, but a little less powerful. [mutagenic meat]
 14250 | Lair:1   | Entered Level 1 of the Lair of Beasts
 14287 | Lair:1   | Noticed derrpe's ghost (powerful TrCK)
 14301 | Lair:1   | Killed derrpe's ghost
 14322 | Lair:1   | Reached XP level 12. HP: 94/106 MP: 18/18
 14359 | Lair:1   | Gained mutation: Your spells are a little harder to cast, but a little more powerful. [evolution]
 14803 | Lair:1   | Noticed Erica
 14820 | Lair:1   | Killed Erica
 15195 | Lair:1   | Reached skill level 12 in Long Blades
 15647 | Lair:2   | Noticed Nergalle
 15697 | Lair:2   | Killed Nergalle
 16120 | Lair:2   | Lost mutation: You tend to lose your temper in combat. [evolution]
 16453 | Lair:3   | Noticed Harold
 16480 | Lair:3   | Killed Harold
 16557 | Lair:3   | Received a gift from Okawaru
 16566 | Lair:3   | Reached skill level 13 in Long Blades
 17064 | Lair:3   | Noticed an eight-headed hydra
 17075 | Lair:3   | Killed a four-headed hydra
 17116 | Lair:3   | Reached XP level 13. HP: 108/114 MP: 19/19
 17117 | Lair:3   | Noticed Urug
 17138 | Lair:3   | Killed Urug
 17687 | Lair:3   | Lost mutation: You are weak. (Str -2) [evolution]
 18051 | Lair:4   | Received a gift from Okawaru
 18063 | Lair:4   | Received a gift from Okawaru
 18063 | Lair:4   | Reached skill level 14 in Long Blades
 18422 | Lair:4   | Identified a scroll of acquirement
 18424 | Lair:4   | Got a fine cloak
 18435 | Lair:4   | Identified the -3 cloak of the Forgotten Beggars {rElec rPois rC+ Slay+2} (You acquired it on level 4 of the Lair of Beasts)
 18575 | Lair:4   | Found a staircase to the Swamp.
 19044 | Lair:5   | Received a gift from Okawaru
 19044 | Lair:5   | Reached skill level 1 in Bows
 19044 | Lair:5   | Reached skill level 5 in Armour
 19056 | Lair:5   | Got a spiked scale mail {god gift}
 19067 | Lair:5   | Identified the +2 scale mail of Ujitzusa {Dex+3} (Okawaru gifted it to you on level 5 of the Lair of Beasts)
 19129 | Lair:5   | Noticed graki42's ghost (powerful DsCj)
 19153 | Lair:5   | Killed graki42's ghost
 19212 | Lair:5   | Learned a level 2 spell: Song of Slaying
 19368 | Lair:5   | Found a hole to the Spider Nest.
 20226 | Lair:5   | Reached skill level 5 in Dodging
 20535 | Lair:6   | Reached skill level 5 in Bows
 20541 | Lair:6   | Reached skill level 1 in Translocations
 20715 | Lair:6   | Received a gift from Okawaru
 20716 | Lair:6   | Got a crystal falchion {god gift}
 20717 | Lair:6   | Identified the +6 falchion of Zoammafe {elec, Str+4} (Okawaru gifted it to you on level 6 of the Lair of Beasts)
 20749 | Lair:6   | Reached XP level 14. HP: 116/126 MP: 20/20
 20906 | Lair:6   | Found a staircase to the Slime Pits.
 21933 | Lair:7   | Received a gift from Okawaru
 22015 | Lair:7   | Received a gift from Okawaru
 22038 | Lair:7   | Got a slimy shortbow {god gift}
 22241 | Lair:7   | Reached skill level 5 in Translocations
 22326 | Lair:7   | Received a gift from Okawaru
 22780 | Lair:7   | Identified the +1 shortbow of the Pillar {speed, Int+4} (Okawaru gifted it to you on level 7 of the Lair of Beasts)
 23159 | Lair:8   | Entered Level 8 of the Lair of Beasts
 23257 | Lair:8   | Gained mutation: You are partially covered in thin metallic scales (AC +2). [evolution]
 23329 | Lair:8   | Received a gift from Okawaru
 23329 | Lair:8   | Reached skill level 10 in Bows
 23964 | Lair:8   | Reached XP level 15. HP: 115/138 MP: 21/21
 24812 | Lair:8   | Learned a level 3 spell: Regeneration
 25043 | Orc:1    | Entered Level 1 of the Orcish Mines
 25405 | Orc:2    | Noticed Rupert
 25428 | Orc:2    | Noticed Sonja
 25444 | Orc:2    | Killed Sonja
 25444 | Orc:2    | Received a gift from Okawaru
 25780 | Orc:1    | Killed Rupert
 25780 | Orc:1    | Reached skill level 10 in Fighting
 26089 | Orc:3    | Found a staircase to the Elven Halls.
 26583 | Orc:2    | Found a roughly hewn altar of Beogh.
 26812 | Orc:4    | Entered Level 4 of the Orcish Mines
 27295 | Orc:4    | Got a shimmering scale mail
 27296 | Orc:4    | Identified the +5 scale mail "Larud" {rN+ Dex+3} (You found it on level 4 of the Orcish Mines)
 27430 | Orc:4    | Reached skill level 1 in Spellcasting
 27771 | Orc:4    | Received a gift from Okawaru
 27894 | Orc:4    | Found a roughly hewn altar of Beogh.
 28101 | Orc:4    | Found Wuiceel's Jewellery Boutique.
 28117 | Orc:4    | Found Toirod's Distillery.
 28122 | Orc:4    | Received a gift from Okawaru
 28139 | Orc:4    | Bought a potion of agility for 64 gold pieces
 28139 | Orc:4    | Bought a potion of agility for 64 gold pieces
 28139 | Orc:4    | Bought a potion of invisibility for 128 gold pieces
 28139 | Orc:4    | Bought a potion of heal wounds for 80 gold pieces
 28139 | Orc:4    | Bought a potion of curing for 48 gold pieces
 28245 | Orc:4    | Noticed Saint Roka
 28284 | Orc:4    | Killed Saint Roka
 28284 | Orc:4    | Received a gift from Okawaru
 28743 | Orc:4    | Reached skill level 1 in Necromancy
 28748 | Orc:4    | Reached skill level 1 in Charms
 28868 | Orc:4    | Found Koentu's General Store.
 28912 | Orc:4    | Found a roughly hewn altar of Beogh.
 29104 | Orc:4    | Found Betrigu's Armour Boutique.
 29162 | Orc:4    | Received a gift from Okawaru
 29252 | Orc:4    | Gained mutation: Your body sometimes deteriorates upon taking damage. [evolution]
 29312 | Orc:4    | Bought an uncursed ring of sustain attributes for 210 gold pieces
 29590 | Swamp:1  | Entered Level 1 of the Swamp
 30082 | Swamp:1  | Received a gift from Okawaru
 30348 | Swamp:1  | Received a gift from Okawaru
 30348 | Swamp:1  | Reached XP level 16. HP: 132/147 MP: 22/22
 30369 | Swamp:1  | Found an iron altar of Okawaru.
 30762 | Swamp:2  | Noticed Donald
 30781 | Swamp:2  | Killed Donald
 30816 | Swamp:2  | Gained mutation: Your natural rate of healing is unusually fast. [potion of beneficial mutation]
 30904 | Swamp:2  | Received a gift from Okawaru
 30907 | Swamp:2  | Got a slimy ring mail {god gift}
 30908 | Swamp:2  | Identified the +5 ring mail "Wasess" {-Tele rF+ rCorr Str+2} (Okawaru gifted it to you on level 2 of the Swamp)
 31826 | Swamp:3  | Gained mutation: You are surrounded by a mild repulsion field (EV +2). [evolution]
 32115 | Swamp:3  | Reached skill level 5 in Necromancy
 32447 | Swamp:4  | Entered Level 4 of the Swamp
 32530 | Swamp:4  | Reached skill level 5 in Charms
 33215 | Swamp:4  | Received a gift from Okawaru
 33234 | Swamp:4  | Received a gift from Okawaru
 33322 | Swamp:4  | Received a gift from Okawaru
 33323 | Swamp:4  | Got a twisted hat {god gift}
 33366 | Swamp:4  | Identified the +3 hat of Hysteria {rElec MR+} (Okawaru gifted it to you on level 4 of the Swamp)
 33558 | Swamp:4  | Noticed the 27-headed Lernaean hydra
 33571 | Swamp:4  | Killed the 27-headed Lernaean hydra
 33773 | Swamp:4  | Got a decaying rune of Zot
 34121 | Spider:1 | Entered Level 1 of the Spider Nest
 35106 | Spider:2 | Reached XP level 17. HP: 143/157 MP: 23/23
 35170 | Spider:2 | Received a gift from Okawaru
 35850 | Spider:2 | Identified the Volume of Destructive Weightlessness
 35859 | Spider:2 | Learned a level 6 spell: Deflect Missiles
 36511 | Spider:3 | Noticed Arachne
 36555 | Spider:3 | Killed Arachne
 36555 | Spider:3 | Received a gift from Okawaru
 36573 | Spider:3 | Got a bloodstained hat {god gift}
 38399 | Spider:4 | Entered Level 4 of the Spider Nest
 38903 | Spider:4 | Identified the +0 hat "Wassim" {+Blink rCorr} (Okawaru gifted it to you on level 3 of the Spider Nest)
 39631 | Spider:4 | Received a gift from Okawaru
 40325 | Spider:4 | Got a gossamer rune of Zot
 40619 | Lair:4   | Noticed Maud
 40634 | Lair:4   | Killed Maud
 40794 | Elf:1    | Entered Level 1 of the Elven Halls
 40816 | Elf:1    | Reached skill level 1 in Air Magic
 40957 | Elf:1    | Gained mutation: You heal very quickly. [evolution]
 41049 | Elf:1    | Reached skill level 10 in Charms
 41053 | Elf:1    | Received a gift from Okawaru
 41135 | Elf:1    | Identified the Volume of Calling and Translocation
 41204 | Elf:1    | Reached XP level 18. HP: 160/169 MP: 24/24
 41298 | Elf:1    | Noticed Azrael
 41313 | Elf:1    | Killed Azrael
 41353 | Elf:1    | Found Louhaos's Antique Armour Emporium.
 41380 | Elf:1    | Bought a dazzling leather armour for 245 gold pieces
 41381 | Elf:1    | Identified the +1 leather armour of the Equinox {rPois} (You bought it in a shop on level 1 of the Elven Halls)
 41449 | Elf:1    | Cast into the Abyss (a deep elf sorcerer)
 41524 | Abyss:1  | Noticed a bone dragon
 41576 | Abyss:1  | Killed a bone dragon
 41576 | Abyss:1  | Received a gift from Okawaru
 41677 | Abyss:1  | Gained mutation: You are weak. (Str -2) [a neqoxec]
 41912 | Abyss:1  | Lost mutation: Your spells are a little harder to cast, but a little more powerful. [a neqoxec]
 41998 | Abyss:1  | Noticed a bone dragon
 42026 | Abyss:1  | Killed a bone dragon
 42177 | Abyss:1  | Noticed a bone dragon
 42342 | Abyss:1  | Noticed a bone dragon
 42500 | Abyss:1  | Killed a bone dragon
 42764 | Elf:1    | Escaped the Abyss
 42834 | Elf:1    | Reached skill level 5 in Air Magic
 43377 | Elf:2    | Found a runed gate.
 43377 | Elf:2    | Found a runed gate.
 43377 | Elf:2    | Found a runed gate.
 43508 | Elf:2    | Reached skill level 1 in Summonings
 44239 | Elf:2    | Found Lliurch's Luxury Loot.
 44277 | Elf:2    | Bought a manual of Long Blades for 1876 gold pieces
 44338 | Elf:2    | Received a gift from Okawaru
 44652 | Elf:2    | Received a gift from Okawaru
 44857 | Elf:3    | Entered Level 3 of the Elven Halls
 45146 | Elf:3    | Reached XP level 19. HP: 173/178 MP: 5/25
 45165 | Elf:3    | Cast into the Abyss (a deep elf demonologist)
 45165 | Abyss:1  | Found a corrupted altar of Lugonu.
 45348 | Abyss:1  | Noticed a bone dragon
 45353 | Abyss:2  | Found a corrupted altar of Lugonu.
 45684 | Abyss:4  | Received a gift from Okawaru
 45714 | Abyss:4  | Reached skill level 15 in Long Blades
 45720 | Abyss:4  | Received a gift from Okawaru
 45768 | Abyss:4  | Noticed a bone dragon
 45853 | Abyss:4  | Noticed a bone dragon
 45901 | Abyss:4  | Killed a bone dragon
 46044 | Elf:3    | Escaped the Abyss
 46262 | D:11     | Noticed mcbry74's ghost (powerful TrHu)
 46287 | D:11     | Killed mcbry74's ghost
 46293 | D:11     | Found a basalt altar of Yredelemnul.
 46563 | D:11     | Found a portal to a secret trove of treasure.
 47258 | D:12     | Found a white marble altar of Elyvilon.
 47290 | D:12     | Gained mutation: You rapidly evolve. [evolution]
 48739 | D:14     | Found a gate to the Vaults.
 48823 | D:14     | Received a gift from Okawaru
 49088 | D:14     | Found Biqacs's Book Shoppe.
 49096 | D:14     | Bought a book of Air for 420 gold pieces
 49100 | D:14     | Learned a level 2 spell: Repel Missiles
 49153 | D:14     | Reached skill level 16 in Long Blades
 49506 | D:15     | Entered Level 15 of the Dungeon
 49966 | D:15     | Identified the Incunabulum of Calling
 50085 | D:15     | Found a sacrificial altar of Ru.
 50130 | D:15     | Found a staircase to the Depths.
 50533 | Vaults:1 | Entered Level 1 of the Vaults
 50753 | Vaults:1 | Received a gift from Okawaru
 50894 | Vaults:1 | Found Necs's Armour Boutique.
 50902 | Vaults:1 | Got a warped iron ring
 50908 | Vaults:1 | Identified the ring "Iguczy" {rElec rF+ Int+2 Dex+3 SInv} (You found it on level 1 of the Vaults)
 51231 | Vaults:1 | Received a gift from Okawaru
 51509 | Vaults:1 | Reached skill level 17 in Long Blades
 51536 | Vaults:1 | Reached XP level 20. HP: 190/190 MP: 26/26
 51893 | Vaults:1 | Received a gift from Okawaru
 52374 | Vaults:1 | Gained mutation: Your spells are a little harder to cast, but a little more powerful. [evolution]
 52422 | Vaults:2 | Found a flickering gateway to a bazaar.
 52432 | Bazaar   | Entered a bazaar
 52440 | Bazaar   | Found Limuet's General Store.
 52463 | Bazaar   | Found Wudghome's Magic Scroll Boutique.
 52471 | Bazaar   | Found Vosuogh's Weapon Boutique.
 52478 | Bazaar   | Found Sofeck's Armour Emporium.
 52501 | Bazaar   | Bought a scroll of magic mapping for 42 gold pieces
 52501 | Bazaar   | Bought a scroll of teleportation for 36 gold pieces
 52501 | Bazaar   | Bought a scroll of enchant weapon for 90 gold pieces
 52524 | Bazaar   | Bought a scroll of teleportation for 39 gold pieces
 52524 | Bazaar   | Bought a scroll of identify for 26 gold pieces
 52524 | Bazaar   | Bought a potion of curing for 39 gold pieces
 52524 | Bazaar   | Bought a scroll of teleportation for 39 gold pieces
 52710 | Vaults:2 | Received a gift from Okawaru
 53029 | Vaults:2 | Reached skill level 10 in Armour
 53048 | Vaults:2 | Received a gift from Okawaru
 53102 | Vaults:2 | Reached skill level 10 in Dodging
 53116 | Vaults:2 | Got a scorched longbow {god gift}
 53424 | Vaults:2 | Identified the +6 longbow "Murmur" {flame, rF+ MP+9} (Okawaru gifted it to you on level 2 of the Vaults)
 53516 | Vaults:2 | Reached skill level 18 in Long Blades
 54043 | Vaults:2 | Found a staircase to the Crypt.
 54856 | Vaults:3 | Received a gift from Okawaru
 54884 | Vaults:3 | Noticed Jory
 55157 | Vaults:3 | Gained mutation: Your body often deteriorates upon taking damage. [evolution]
 55504 | Vaults:3 | Noticed Goblin1989's ghost (mighty GrFi)
 55980 | Vaults:3 | Killed Jory
 56672 | Vaults:4 | Reached XP level 21. HP: 197/200 MP: 27/27
 56932 | Vaults:4 | Received a gift from Okawaru
 56979 | Vaults:4 | Reached skill level 15 in Fighting
 57003 | Vaults:4 | Received a gift from Okawaru
 57395 | Vaults:4 | Received a gift from Okawaru
 57656 | Vaults:4 | Reached skill level 19 in Long Blades
 59323 | Elf:3    | Got a pair of twisted gloves
 59324 | Elf:3    | Identified the +2 pair of gloves of Qazlal's Outrage {rCorr} (You acquired it on level 3 of the Elven Halls)
 59518 | Elf:3    | Cast into the Abyss (a deep elf sorcerer)
 59564 | Abyss:1  | Killed a bone dragon
 59644 | Abyss:1  | Gained mutation: You are agile. (Dex +2) [potion of beneficial mutation]
 60041 | Abyss:1  | Found a corrupted altar of Lugonu.
 60188 | Abyss:1  | Gained mutation: You expend magic power (3 MP) to strengthen your wands. [a neqoxec]
 60243 | Abyss:1  | Reached XP level 22. HP: 116/212 MP: 7/28
 60568 | Abyss:1  | Gained mutation: You are very weak. (Str -4) [mutagenic glow]
 60931 | Abyss:1  | Lost mutation: You rapidly evolve. [end of evolution]
 61018 | Abyss:1  | Paralysed by accursed screaming for 2 turns
 61300 | Abyss:1  | Paralysed by accursed screaming for 1 turns
 61324 | Abyss:1  | Paralysed by accursed screaming for 1 turns
 61421 | Abyss:1  | Found a shattered altar of Ashenzari.
 61767 | Abyss:2  | Found a corrupted altar of Lugonu.
 62047 | Elf:3    | Escaped the Abyss
 62190 | Elf:3    | Received a gift from Okawaru
 62191 | Elf:3    | Got a faintly glowing steam dragon armour {god gift}
 62199 | Elf:3    | Identified the +0 steam dragon armour of the Cricket {Str+3 Int+3 Stlth+} (Okawaru gifted it to you on level 3 of the Elven Halls)
 62415 | Elf:3    | Got a twitching tin ring
 62454 | Elf:3    | Got an ancient bronze ring
 62618 | Elf:3    | Identified the ring of Anifruh {rElec MR++ Int+4 SInv} (You took it off a deep elf annihilator on level 3 of the Elven Halls)
 62619 | Elf:3    | Identified the ring "Udeeno" {Fire Dex+3 Slay+3 SInv} (You took it off a deep elf death mage on level 3 of the Elven Halls)
 62655 | Elf:3    | Got an iridescent blowgun
 62656 | Elf:3    | Identified the cursed +3 blowgun of the Queen {speed, rElec rF- Stlth+} (You found it on level 3 of the Elven Halls)
 63400 | Vaults:5 | Entered Level 5 of the Vaults
 63584 | Vaults:4 | Reached skill level 10 in Air Magic
 64821 | Vaults:4 | Received a gift from Okawaru
 65337 | Vaults:5 | Received a gift from Okawaru
 65337 | Vaults:5 | Reached XP level 23. HP: 174/223 MP: 25/29
 65846 | Vaults:5 | Received a gift from Okawaru
 65957 | Vaults:5 | Noticed an ancient lich
 65969 | Vaults:5 | Killed an ancient lich
 66842 | Vaults:5 | Received a gift from Okawaru
 66842 | Vaults:5 | Reached skill level 15 in Charms
 67010 | Vaults:5 | Received a gift from Okawaru
 67251 | Vaults:5 | Got a scorched scimitar
 67259 | Vaults:5 | Identified the +3 scimitar of Growth {flame, rF+} (You found it on level 5 of the Vaults)
 67319 | Vaults:5 | Paralysed by a sphinx for 4 turns
 67644 | Vaults:4 | Gained mutation: You are very agile. (Dex +4) [evolution]
 68243 | Vaults:5 | Got a heavily runed scale mail
 68244 | Vaults:5 | Identified the +6 scale mail "Elemuif" {+Blink Int+4 Stlth+} (You found it on level 5 of the Vaults)
 68311 | Vaults:5 | Found Rygeaf's Antique Weapon Boutique.
 68751 | Vaults:5 | Got a silver rune of Zot
 68822 | Vaults:5 | Received a gift from Okawaru
 69137 | Vaults:5 | Identified the Handbook of Transmutation
 69290 | Vaults:5 | Identified the Tome of Stolen Souls
 69835 | Depths:1 | Entered Level 1 of the Depths
 69852 | Depths:1 | Noticed Norris
 69869 | Depths:1 | Killed Norris
 69869 | Depths:1 | Reached XP level 24. HP: 149/235 MP: 29/29
 70100 | Depths:1 | Found a gateway to Hell.
 70414 | Depths:1 | Received a gift from Okawaru
 70512 | Depths:1 | Noticed Mara
 70553 | D:15     | Upgraded the game from 0.17-a0-1923-gc35365e to 0.17-a0-1939-ga475588
 70579 | Depths:1 | Killed Mara
 71561 | Depths:2 | Found a one-way gate to the infinite horrors of the Abyss.
 71641 | Depths:2 | HP: 10/237 [eidolon (12)]
 71888 | Depths:2 | Received a gift from Okawaru
 71891 | Depths:2 | Got an ichor-stained longbow {god gift}
 71893 | Depths:2 | Identified the +10 longbow "Urphug" {venom, MP+9} (Okawaru gifted it to you on level 2 of the Depths)
 72032 | Depths:2 | Noticed an ancient lich
 72038 | Depths:2 | Killed an ancient lich
 72565 | Depths:2 | Paralysed by a giant eyeball for 4 turns
 73237 | Depths:2 | Reached skill level 20 in Long Blades
 73237 | Depths:2 | Reached XP level 25. HP: 246/246 MP: 29/29
 73496 | Depths:2 | Received a gift from Okawaru
 74118 | Depths:3 | Received a gift from Okawaru
 74342 | Depths:3 | Found a one-way gate leading to the halls of Pandemonium.
 74502 | Depths:3 | Received a gift from Okawaru
 74565 | Depths:3 | Found a gateway to a ziggurat.
 74813 | Depths:3 | Reached XP level 26. HP: 219/255 MP: 29/29
 75613 | Depths:4 | Received a gift from Okawaru
 76075 | Depths:4 | Received a gift from Okawaru
 76111 | Depths:4 | Slain by a deep troll

Vault maps used:
D:1:      matt_arrival_diagonals, serial_bayou_pond_d
D:2:      vehumet_crystals, uniq_iyjb, uniq_jessica
D:3:      lemuel_round_altar, first_bread, uniq_natasha, uniq_crazy_yiuf_cottage
D:4:      kennysheep_mini, minmay_temple_entry_purple_smoke, serial_shops, shop,
          enter_ossuary_4, nicolae_gozag_cash_rules_everything_around_me
D:5:      overflow_temple_1_default, serial_shops,
          nicolae_shop_overgrown_old_shop, roderic_serpentine_path, st_stairs_8,
          fedhas_altar_3, uniq_duvessa
D:6:      uniq_prince_ribbit1
D:7:      lemuel_castle_with_subvaults, lemuel_coloured_pillars_altar,
          grunt_temple_overflow_open
D:8:      wad_pebble_path, grunt_temple_overflow_forces_of_nature, basic_altar
D:9:      overflow_temple_1_default, serial_ice, serial_ice_d, serial_ice_k,
          serial_ice_e, serial_ice_b, serial_ice_m, serial_ice_h, serial_ice_g,
          serial_ice_n
D:10:     david_lair_shrubbed, orc_0_dummy, hangedman_tell_no_tales,
          small_statue_alley_a
D:11:     basic_altar, nicolae_trove_entry_path_of_doom
D:12:     hangedman_abyss_or_decor_clamps, elyvilon_altar_5
D:14:     david_vaults_3, serial_shops, nicolae_shop_stone, grunt_decor_clamped,
          minmay_crystal_room, grunt_ministairs_2
D:15:     hangedman_depths_entry_try_elsewhere_first, roderic_lattice_a,
          nicolae_ru_sacrificial_ziggurat
Temple:   minmay_temple_bridge_a_8
Lair:1:   uniq_erica
Lair:2:   infiniplex_staircase_pool, grunt_megastairs_2, uniq_nergalle
Lair:3:   beast_lair_carwin_11, serial_bayou_shore_b, uniq_harold, uniq_urug
Lair:4:   dpeg_oklob_gauntlet, minmay_swamp_entry_worms, guppyfry_lair_drakes,
          uniq_maud
Lair:5:   spider_nest_entry_funnel_web
Lair:6:   minmay_slime_entry_pillars
Lair:7:   portal_ice_cave_entry_animals_and_master,
          hangedman_lair_unloving_vines, st_stairs_5
Lair:8:   evilmike_catoblepas_cave, eino_house_with_fridge
Swamp:1:  evilmike_swamp_ruin_house_6, nicolae_swamp_godswood
Swamp:2:  nicolae_swamp_stair_fork, uniq_donald
Swamp:3:  evilmike_swamp_ruin_house_3
Swamp:4:  swamp_old_school, swamp_pool1
Spider:2: worms_lemuel
Spider:3: uniq_arachne
Spider:4: grunt_spider_rune_parallel
Orc:2:    basic_altar, uniq_rupert, uniq_sonja
Orc:3:    nicolae_orc_pool_cavern
Orc:4:    pubby_orc_utopia, serial_shops
Elf:1:    serial_shops, shop, minmay_elf_demonology, grunt_megastairs_5,
          uniq_azrael
Elf:2:    grunt_ministairs_7, nicolae_alphabet_shops
Elf:3:    grunt_elf_hall_spiral
Vaults:1: nicolae_vaults_lopsided_apartments,
          hangedman_vaults_stretched_pinwheel, vaults_room_pool, v_misc_28,
          nicolae_vaults_little_ls, hangedman_vaults_capsules, v_misc_29,
          v_pattern_2, v_alt_pattern_6, ontoclasm_vaults_chip, vaults_dpeg_ring,
          vaults_dpeg_diagonal, serial_shops, shop
Vaults:2: nicolae_vaults_octagons, ontoclasm_vaults_ring_large,
          minmay_crypt_entry_simple_statues, v_rooms_4, ontoclasm_vaults_chip,
          v_misc_27, serial_shops, bzr_entry_lakeside
Vaults:3: ontoclasm_vaults_ligature, vaults_room_pools, v_alt_pattern_4,
          hangedman_vaults_trim, st_quartered_hall, v_pattern_4,
          nicolae_vaults_circle_grid_a, v_misc_24, vaults_mumra_chevron,
          nicolae_vaults_little_squares_6, v_alt_pattern_5, v_misc_14,
          uniq_saint_roka, uniq_jory
Vaults:4: v_misc_11, ontoclasm_vaults_spin, hangedman_vaults_stitches,
          v_pattern_5, hangedman_vaults_corner_blocks, v_rooms_5,
          nicolae_vaults_quadrants, nicolae_vaults_shelves_hall, v_misc_4
Vaults:5: serial_shops
Depths:1: cheibrodos_leafed_vault, abandoned_shop, hell_entry,
          kennysheep_generic_room_2, uniq_norris, uniq_mara
Depths:2: lemuel_river_lethe, hell_entry, abyss_entry
Depths:3: lemuel_minitomb, enter_ziggurat_c, nicolae_water_bricks,
          pf_coc_iceberg, rand_demon_pan_entry_3, grunt_decor_one_mirror,
          roderic_greek_sauvastika, infiniplex_staircase_zigzag_4
Depths:4: hangedman_hanging_gardens, minmay_misc_feat_square, hell_entry,
          abyss_entry, serial_bayou_shore_b, infiniplex_staircase_pillars_3a
Abyss:1:  kilobyte_mutagenic_chamber
Abyss:3:  minivault_28, grunt_abyss_rune_wretched_hive,
          evilmike_abyss_exit_mutagenic
Abyss:4:  eino_small_chamber_without_monster
Bazaar:   bazaar_kb_twisted_cavern
Ossuary:  ossuary_zaba_two_paths

Action                   |  1- 3 |  4- 6 |  7- 9 | 10-12 | 13-15 | 16-18 | 19-21 | 22-24 | 25-27 || total
-------------------------+-------+-------+-------+-------+-------+-------+-------+-------+-------++-------
Melee: Long sword        |   155 |     2 |       |   875 |    49 |    26 |       |       |       ||  1107
       Short sword       |       |   456 |   534 |   145 |       |       |       |       |       ||  1135
       Scimitar          |       |       |       |   389 |   365 |   798 |  1646 |       |       ||  3198
       Falchion          |       |       |       |       |  1387 |  1140 |       |       |       ||  2527
       Great sword       |       |       |       |       |    31 |       |       |       |       ||    31
       Double sword      |       |       |       |       |       |   201 |   213 |  1127 |       ||  1541
       Demon blade       |       |       |       |       |       |       |   737 |   384 |       ||  1121
       Triple sword      |       |       |       |       |       |       |       |   608 |   443 ||  1051
 Fire: Shortbow          |       |       |       |       |    26 |       |       |       |       ||    26
       Longbow           |       |       |       |       |       |       |    27 |       |       ||    27
Throw: Throwing net      |       |       |       |       |     2 |     1 |       |       |       ||     3
 Cast: Shroud of Golubri |       |       |       |       |     1 |    31 |    25 |    37 |     3 ||    97
       Regeneration      |       |       |       |       |       |    37 |    66 |    84 |    27 ||   214
       Apportation       |       |       |       |       |       |    11 |    11 |    11 |       ||    33
       Repel Missiles    |       |       |       |       |       |       |     4 |     6 |     3 ||    13
       Portal Projectile |       |       |       |       |       |       |     1 |       |       ||     1
       Song of Slaying   |       |       |       |       |       |       |    15 |    32 |     8 ||    55
       Blink             |       |       |       |       |       |       |     1 |     2 |       ||     3
Invok: Heroism           |       |       |     4 |    15 |    17 |    21 |    17 |    16 |       ||    90
       Finesse           |       |       |       |       |     5 |     3 |     2 |     3 |       ||    13
 Abil: Evoke Berserk Rag |     1 |     1 |     3 |       |       |       |       |       |       ||     5
       Stop Singing      |       |       |       |       |       |       |     1 |       |       ||     1
Evoke: Wand              |       |       |     5 |     6 |       |    10 |     2 |     6 |     1 ||    30
       Phantom mirror    |       |       |       |       |       |     1 |     1 |       |       ||     2
       Phial of floods   |       |       |       |       |       |     1 |       |       |       ||     1
       Disc of storms    |       |       |       |       |       |    11 |       |       |       ||    11
  Use: Potion            |       |     1 |     3 |     4 |     2 |    13 |    11 |    10 |     4 ||    48
       Scroll            |       |     1 |    15 |    13 |    10 |    19 |    24 |    24 |     3 ||   109
 Stab: Held in net/web   |       |       |       |       |       |     2 |       |       |       ||     2
       Confused          |       |       |       |       |       |     1 |       |       |       ||     1
       Paralysed         |       |       |       |       |       |     1 |       |       |       ||     1
       Invisible         |       |       |       |       |       |       |     2 |     1 |       ||     3
       Distracted        |       |       |       |       |       |       |       |     2 |       ||     2
       Sleeping          |       |       |       |       |       |       |       |     2 |       ||     2
  Eat: Chunk             |     2 |     7 |    16 |    38 |    24 |    21 |    29 |    14 |     5 ||   156
       Pizza             |       |     1 |       |     2 |     2 |     4 |     2 |     1 |       ||    12
       Beef jerky        |       |       |       |     2 |     1 |       |     3 |     1 |       ||     7
       Royal jelly       |       |       |       |       |     5 |       |     1 |       |       ||     6
       Fruit             |       |       |       |       |       |    19 |       |     3 |       ||    22
       Meat ration       |       |       |       |       |       |     2 |     4 |     9 |     2 ||    17
